 Dungeon Crawl Stone Soup version 0.19.5 (webtiles) character file.

322 MirrMurr the Sneak (level 6, -2/42 HPs)
             Began as a Spriggan Enchanter on Mar 23, 2017.
             Slain by an orc priest
             ... wielding a +0 mace
              (4 damage)
             ... on level 3 of the Dungeon.
             The game lasted 00:13:43 (4098 turns).

MirrMurr the Sneak (Spriggan Enchanter)             Turns: 4098, Time: 00:13:44

Health: -2/42      AC: 23    Str:  6    XL:     6   Next: 22%
Magic:  1/16       EV:  4    Int: 17    God:
Gold:   88         SH:  0    Dex: 16    Spells: 6 memorised, 4 levels left

rFire  . . .     SeeInvis +     a - +1 dagger
rCold  . . .     Gourm    .     (armour currently unavailable)
rNeg   + + +     Faith    .     (shield restricted)
rPois  +         Spirit   .     (helmet currently unavailable)
rElec  .         Reflect  .     (cloak currently unavailable)
rCorr  .         Harm     .     (gloves unavailable)
MR     +....     NoTele   +     (boots unavailable)
Stlth  +++.......               (no amulet)
                                (no ring)
                                (no ring)

@: tree-form, very slightly contaminated
A: unfitting armour, see invisible, herbivore 3, (speed 0), slow metabolism 2
a: no special abilities


You were on level 3 of the Dungeon.
You were not hungry.
You were a tree.
You visited 1 branch of the dungeon, and saw 3 of its levels.

You collected 88 gold pieces.

Inventory:

Hand Weapons
 a - a +1 dagger (weapon)
Missiles
 g - 5 stones (quivered)
Armour
 b - a +1 robe (melded)
Jewellery
 q - an uncursed amulet of faith {unknown}
Wands
 u - a wand of paralysis (7/24)
Scrolls
 c - a scroll of random uselessness {unknown}
 e - a scroll of teleportation
 f - a scroll of enchant weapon {unknown}
 h - 2 scrolls of remove curse {unknown}
 k - a scroll of recharging {unknown}
 l - 4 scrolls of identify {unknown}
 m - a scroll of enchant armour {unknown}
 p - a scroll of amnesia {unknown}
Potions
 j - a potion of might {unknown}
 n - a potion of agility {unknown}
 o - a potion of heal wounds {unknown}
 s - a potion of degeneration {unknown}
 t - a potion of ambrosia {unknown}
Books
 r - a book of Necromancy

   Spells                             Type                      Level
   a - Pain                           Necromancy                   1
   b - Animate Skeleton               Necromancy                   1
   c - Vampiric Draining              Necromancy                   3
   d - Regeneration                   Charms/Necromancy            3
   e - Animate Dead                   Necromancy                   4
   f - Control Undead                 Necromancy                   4
Comestibles
 d - 3 bread rations


   Skills:
 - Level 1.1 Short Blades
 - Level 3.0 Dodging
 + Level 6.2 Stealth
 * Level 6.1 Spellcasting
 + Level 5.3 Hexes


You had 4 spell levels left.
You knew the following spells:

 Your Spells              Type           Power        Failure   Level  Hunger
a - Ensorcelled Hibernat  Hex/Ice        ##....       10%         2    None
b - Confuse               Hex            ###.....     6%          3    ##.....
c - Tukima's Dance        Hex            ###.....     6%          3    ##.....
d - Dazzling Spray        Conj/Hex       ##....       14%         3    ##.....
e - Animate Skeleton      Necr           N/A          14%         1    None
C - Corona                Hex            ###....      1%          1    None


Dungeon Overview and Level Annotations

Branches:
Dungeon (3/15)

Altars:
Cheibriados
Okawaru


Innate Abilities, Weirdness & Mutations

You are very small and have problems with some larger weapons.
You are too small for most types of armour.
You have supernaturally acute eyesight. (SInv)
You are a herbivore.
((You cover ground extremely quickly.))
You need consume almost no food.


Message History

The orc priest is severely wounded.
The orc priest hits you but does no damage.
You barely miss the orc priest.
The orc priest is severely wounded.
The orc priest hits you but does no damage.
You hit the orc priest but do no damage.
The orc priest is severely wounded.
The orc priest hits you but does no damage.
You hit the orc priest but do no damage.
The orc priest is severely wounded.
The orc priest completely misses you.
You hit the orc priest.
The orc priest is almost dead.
The orc priest hits you but does no damage.
You hit the orc priest but do no damage.
The orc priest is almost dead.
You hit the orc priest but do no damage.
The orc priest is almost dead.
The orc priest hits you with a mace.
You die...

####'#########..####
#.........#
##.....#.....o.....#
###########
.'.....:.#####..##.#
.#.....#......o.##.#
.....#...........#g#
#.##...#......o###.#
#.##...#.......'...#
#.##...#..)...o#####
#..#..##.####'#o♣).#
##.#..##.# #.#.##.#
##....##.# #.#.##.#
.##...##.# #......#
.##...##.######.####
.###..##......#.# ##
#>.#######)#.#
##†.....##.#.#
######.##.#.#


You could see an orc priest and an orc.

Vanquished Creatures
  The ghost of Enroth the Shield-Bearer, an amateur VSFi (D:3)
  3 orc priests (D:3)
  2 orc wizards (D:3)
  6 adders
  2 oozes (D:1)
  2 worms (D:3)
  A dart slug (D:2)
  7 orcs
  7 bats
  8 goblins
  2 hobgoblins
  2 jackals (D:3)
  A ball python (D:2)
  4 frilled lizards
  2 kobolds
  6 rats
56 creatures vanquished.

Notes
Turn   | Place    | Note
-------+----------+-------------------------------------------
     0 | D:1      | MirrMurr the Spriggan Enchanter began the quest for the Orb.
     0 | D:1      | Reached XP level 1. HP: 9/9 MP: 5/5
   126 | D:1      | Reached XP level 2. HP: 13/13 MP: 7/7
   130 | D:1      | Learned a level 2 spell: Ensorcelled Hibernation
   962 | D:2      | Reached XP level 3. HP: 16/16 MP: 9/9
   967 | D:2      | Learned a level 3 spell: Confuse
   971 | D:2      | Learned a level 3 spell: Tukima's Dance
  1228 | D:2      | Found a snail-covered altar of Cheibriados.
  1243 | D:2      | Reached skill level 5 in Stealth
  1315 | D:2      | You fall through a shaft!
  1316 | D:3      | @> shafts'r'fun
  1753 | D:3      | Reached XP level 4. HP: 12/21 MP: 3/11
  1765 | D:3      | Learned a level 3 spell: Dazzling Spray
  2321 | D:3      | Reached skill level 5 in Spellcasting
  2596 | D:3      | Reached XP level 5. HP: 23/24 MP: 0/13
  3474 | D:3      | Reached skill level 5 in Hexes
  3544 | D:3      | Found an iron altar of Okawaru.
  3921 | D:3      | Noticed Enroth's ghost (amateur VSFi)
  4004 | D:3      | Killed Enroth's ghost
  4004 | D:3      | Reached XP level 6. HP: 28/28 MP: 13/16
  4007 | D:3      | Learned a level 1 spell: Animate Skeleton
  4090 | D:3      | HP: 1/42 [orc priest/divine providence (9)]
  4098 | D:3      | Slain by an orc priest

Skill      XL: |  1  2  3  4  5 |
---------------+----------------+-----
Spellcasting   | 3 4 5 6 |  6.1
Stealth        | 5 6 |  6.2
Hexes          | 4 5 |  5.3
Short Blades   | |  1.1
Dodging        | |  3.0

Action                   |  1- 3 |  4- 6 || total
-------------------------+-------+-------++-------
Melee: Dagger            |    74 |   101 ||   175
 Cast: Corona            |     1 |       ||     1
       Ensorcelled Hiber |    14 |    38 ||    52
       Confuse           |       |    10 ||    10
       Dazzling Spray    |       |     2 ||     2
       Animate Skeleton  |       |     1 ||     1
  Use: Scroll            |     1 |       ||     1
       Potion            |       |     1 ||     1
 Stab: Sleeping          |    17 |    11 ||    28
       Confused          |       |     4 ||     4
       Invisible         |       |     1 ||     1
  Eat: Bread ration      |       |     1 ||     1
Armor: Robe              |    12 |    13 ||    25
       Skin              |       |     4 ||     4
Dodge: Dodged            |    66 |    82 ||   148
